Map: Abyssal Reef LE

Players

Izada

  • Race: Protoss Protoss
  • League: Diamond
  • Spawn Location: 11:00

Nox - Winner!

  • Race: Protoss Protoss
  • League: Diamond
  • Spawn Location: 5:00

VOD

Have the link to the VOD?

Description

Time

  • Played on: March 16, 2017, 9:48 a.m.
  • Length: 9:04
Show
View Real Time Build Order
Export as new Build Order

Izada Protoss 

Build Orders: Oracle Opening 

Get SALT Encoding   

  12  0:01  Probe (Chrono Boost)  
  13  0:11  Probe (Chrono Boost)  
  14  0:18  Pylon  
  14  0:22  Probe (Chrono Boost)  
  15  0:37  Probe (Chrono Boost)  
  15  0:39  Gateway  
  16  0:47  Probe (Chrono Boost)  
  17  0:50  Assimilator  
  17  0:55  Assimilator  
  17  0:58  Probe (Chrono Boost)  
  18  1:08  Probe (Chrono Boost)  
  19  1:19  Probe (Chrono Boost)  
  20  1:27  Cybernetics Core  
  20  1:29  Probe (Chrono Boost)  
  21  1:37  Pylon  
  21  1:44  Probe (Chrono Boost)  
  22  1:54  Probe (Chrono Boost)  
  23  2:05  Stargate  
  23  2:06  Mothership Core (Chrono Boost)  
  25  2:24  Probe (Chrono Boost)  
  26  2:36  Probe (Chrono Boost)  
  27  2:42  Nexus  
  27  2:48  Pylon  
  28  2:51  Probe (Chrono Boost)  
  28  2:54  Oracle  
  31  3:10  Forge  
  32  3:13  Probe (Chrono Boost)  
  32  3:26  Probe (Chrono Boost)  
  33  3:31  Pylon, Void Ray  
  38  3:42  Probe (Chrono Boost)  
  38  3:51  Photon Cannon  
  38  4:01  Photon Cannon  
  39  4:02  Probe (Chrono Boost)  
  39  4:07  Probe (Chrono Boost)  
  39  4:29  Photon Cannon x2  
  39  4:32  Probe (Chrono Boost), Photon Cannon  
  39  4:35  Probe (Chrono Boost)  
  41  4:47  Void Ray  
  41  4:49  Probe (Chrono Boost)  
  41  4:50  Probe (Chrono Boost)  
  43  4:59  Stargate  
  48  5:00  Probe (Chrono Boost)  
  48  5:06  Pylon  
  48  5:17  Probe (Chrono Boost)  
  48  5:18  Probe (Chrono Boost)  
  48  5:20  Protoss Air Weapons Level 1, Assimilator  
  50  5:22  Assimilator  
  51  5:29  Probe (Chrono Boost)  
  51  5:30  Probe (Chrono Boost), Void Ray  
  51  5:33  Photon Cannon  
  52  5:41  Probe (Chrono Boost)  
  57  5:54  Probe (Chrono Boost), Void Ray  
  57  5:55  Probe (Chrono Boost)  
  63  6:05  Fleet Beacon  
  63  6:06  Probe (Chrono Boost)  
  63  6:07  Probe (Chrono Boost)  
  65  6:15  Oracle  
  65  6:28  Probe (Chrono Boost)  
  65  6:29  Probe (Chrono Boost)  
  67  6:37  Pylon  
  67  6:42  Pylon  
  67  6:43  Carrier  
  67  6:50  Graviton Catapult, Pylon  
  67  6:54  Void Ray  
  67  6:55  Pylon  
  75  7:23  Photon Cannon x2  
  75  7:24  Pylon  
  75  7:37  Void Ray  
  75  7:41  Stargate  
  79  7:44  Stargate  
  79  8:03  Void Ray  
Show
View Real Time Build Order
Export as new Build Order

Nox Protoss - Winner!

Build Orders: Nexus First, Blink Stalkers 

Get SALT Encoding   

  12  0:01  Probe (Chrono Boost)  
  13  0:11  Probe (Chrono Boost)  
  14  0:19  Pylon  
  14  0:23  Probe (Chrono Boost)  
  15  0:37  Probe (Chrono Boost)  
  16  0:48  Probe (Chrono Boost)  
  17  1:00  Nexus  
  17  1:10  Gateway  
  17  1:21  Assimilator  
  17  1:23  Assimilator  
  18  1:25  Probe (Chrono Boost)  
  18  1:36  Probe (Chrono Boost)  
  19  1:46  Probe (Chrono Boost)  
  20  1:57  Probe (Chrono Boost)  
  20  2:00  Cybernetics Core  
  21  2:07  Probe (Chrono Boost)  
  22  2:17  Probe (Chrono Boost)  
  22  2:18  Probe (Chrono Boost)  
  24  2:28  Probe x2 (Chrono Boost)  
  25  2:38  Probe (Chrono Boost)  
  25  2:39  Stalker, Pylon, Probe (Chrono Boost)  
  25  2:42  Warp Gate  
  29  2:49  Mothership Core (Chrono Boost), Twilight Council  
  31  2:51  Probe (Chrono Boost)  
  32  3:02  Probe (Chrono Boost)  
  33  3:07  Probe (Chrono Boost)  
  33  3:09  Stalker  
  37  3:13  Probe (Chrono Boost)  
  37  3:15  Pylon  
  37  3:18  Blink  
  37  3:24  Probe x2 (Chrono Boost)  
  39  3:34  Probe (Chrono Boost)  
  39  3:36  Probe (Chrono Boost)  
  39  3:39  Stalker  
  43  3:45  Probe (Chrono Boost)  
  45  3:48  Probe (Chrono Boost)  
  46  3:55  Probe (Chrono Boost)  
  46  3:58  Gateway  
  46  4:00  Probe (Chrono Boost)  
  46  4:02  Pylon  
  47  4:06  Probe (Chrono Boost)  
  47  4:09  Stalker  
  50  4:13  Probe (Chrono Boost)  
  50  4:16  Probe (Chrono Boost)  
  53  4:25  Probe (Chrono Boost)  
  53  4:27  Probe (Chrono Boost)  
  54  4:36  Nexus  
  54  4:37  Probe (Chrono Boost)  
  54  4:38  Probe (Chrono Boost), Pylon  
  56  4:39  Stalker  
  58  4:45  Stalker  
  60  4:58  Probe (Chrono Boost)  
  60  4:59  Probe (Chrono Boost)  
  62  5:01  Assimilator  
  62  5:04  Assimilator, Gateway  
  62  5:05  Gateway  
  62  5:07  Robotics Facility  
  62  5:09  Probe (Chrono Boost)  
  62  5:11  Probe (Chrono Boost)  
  64  5:25  Probe (Chrono Boost)  
  64  5:27  Probe (Chrono Boost)  
  66  5:30  Forge  
  66  5:33  Forge  
  66  5:34  Stalker x2  
  70  5:40  Pylon  
  70  5:41  Pylon  
  70  5:47  Probe (Chrono Boost)  
  70  5:49  Probe (Chrono Boost), Assimilator  
  72  5:50  Probe (Chrono Boost)  
  72  5:52  Assimilator  
  72  5:55  Observer  
  74  5:59  Probe (Chrono Boost)  
  74  6:01  Probe x2 (Chrono Boost)  
  74  6:03  Stalker x3  
  83  6:04  Stalker  
  83  6:11  Warp Prism  
  83  6:26  Stalker  
  83  6:27  Stalker x2  
  83  6:28  Stalker  
  91  6:33  Protoss Ground Armor Level 1, Protoss Ground Weapons Level 1  
  91  6:34  Probe (Chrono Boost)  
  91  6:35  Probe (Chrono Boost)  
  91  6:36  Probe (Chrono Boost)  
  94  6:44  Pylon  
  94  6:45  Probe (Chrono Boost)  
  97  6:47  Pylon  
  97  6:48  Probe x2 (Chrono Boost)  
  97  7:02  Stalker x3  
  101  7:18  Probe (Chrono Boost)  
  101  7:20  Probe x2 (Chrono Boost)  
  104  7:29  Probe (Chrono Boost)  
  105  7:30  Nexus  
  105  7:32  Probe x2 (Chrono Boost)  
  105  7:33  Pylon, Gateway  
  105  7:34  Gateway x2  
  107  7:37  Stalker x3  
  107  7:38  Stalker  
  107  7:39  Gateway  
  113  8:03  Stalker  
  113  8:04  Stalker x3  
  101  8:38  Stalker x2  
  101  8:39  Stalker x2  
Tags
 
Add a new tag
Caveats
  • Supply blocks, unpowered buildings, or Contaminate may cause inaccurate times.
  • Supply counts are checked every 10 seconds.